 Dungeon Crawl Stone Soup version bcrawl-1.15 (webtiles) character file.

Game seed: 11770831519571209386

102 Hercules1031 the Chopper (level 4, 0/28 HPs)
             Began as a Skeleton Reaver on Sept 22, 2019.
             Was a Follower of Vehumet.
             Slain by an orc
             ... wielding a +0 war axe
              (6 damage)
             ... on level 3 of the Dungeon.
             The game lasted 00:04:45 (1970 turns).

Hercules1031 the Chopper (Skeleton Reaver)          Turns: 1970, Time: 00:04:45

Health: 0/28       AC:  5    Str: 18    XL:     4   Next: 49%
Magic:  0/9        EV: 12    Int: 13    God:    Vehumet [*.....]
Gold:   202        SH:  0    Dex:  7    Spells: 9/10 levels left

rFire    . . .     SeeInvis .   a - +0 war axe
rCold    + . .     Gourm    .   (no shield)
rNeg     + + +     Faith    .   b - +0 steam dragon scales
rPois    ∞         Spirit   +   (no helmet)
rElec    .         Reflect  .   (no cloak)
rCorr    .         Harm     .   (no gloves)
MR       .....                  (no boots)
Stlth    +.........             (no amulet)
HPRegen  0.09/turn              (no ring)
MPRegen  0.11/turn              (no ring)

@: no status effects
A: no food or potions, cold resistance 1, deterioration 1, negative energy
resistance 3, torment resistance, unbreathing, magic shield, sturdy frame 1,
spell healing
a: Renounce Religion


You were on level 3 of the Dungeon.
You worshipped Vehumet.
Vehumet was aware of your devotion.
You were not hungry.

You visited 1 branch of the dungeon, and saw 3 of its levels.

You collected 202 gold pieces.

Inventory:

Hand Weapons
 a - a +0 war axe (weapon)
Armour
 b - +0 steam dragon scales (worn)
Wands
 k - a wand of random effects (14)
Scrolls
 c - a scroll of immolation
 d - 2 scrolls of fear {unknown}
 e - a scroll of identify {unknown}
 f - a scroll of blinking {unknown}
 g - a scroll of noise {unknown}
 h - a scroll of remove curse {unknown}
 i - a scroll of magic mapping {unknown}
 j - a scroll of fog {unknown}
 l - a scroll of amnesia {unknown}


   Skills:
 + Level 3.5 Fighting
 + Level 4.2 Axes
 + Level 1.6 Armour
 + Level 3.5 Dodging
 + Level 3.9 Spellcasting
 + Level 1.2 Conjurations


You had 9 spell levels left.
You knew the following spells:

 Your Spells              Type           Power        Failure   Level  Hunger
a - Magic Dart            Conj           #...         13%         1    N/A

Your spell library contained the following spells:

 Spells                   Type           Power        Failure   Level  Hunger
 Iskenderun's Battlesphe  Conj/Chrm      #.......     99%         5    N/A

Dungeon Overview and Level Annotations

Branches:
Dungeon (3/12)

Altars:
Cheibriados
Xom


Innate Abilities, Weirdness & Mutations

You do not eat or drink.
You are immune to poison.
Your flesh is cold resistant. (rC+)
Your body sometimes deteriorates upon taking damage.
You are immune to negative energy. (rN+++)
You are immune to unholy pain and torment.
You can survive without breathing.
When hurt, damage is shared between your health and your magic reserves.
Your movements are slightly less encumbered by armour. (ER -2)
Casting spells heals you.


Message History

You kill the orc wizard!
Vehumet accepts your kill.
You feel your dexterity returning.
Your Conjurations skill increases to level 1!
The orc wizard casts a spell.
The orc wizard blinks!
The orc hits you with a +0 war axe.
* * * LOW HITPOINT WARNING * * *
You hit the orc but do no damage. The orc barely misses you.
The orc wizard gestures wildly while chanting.
The orc wizard seems to speed up.
You closely miss the orc. The orc barely misses you.
The orc wizard hits you but does no damage.
You barely miss the orc. You hit the orc wizard.
The orc wizard mumbles some strange words.
The orc wizard blinks!
The orc hits you with a +0 war axe.
* * * LOW HITPOINT WARNING * * *
Unknown command.
You hit the orc but do no damage. The orc hits you with a +0 war axe!
You die...

.....# #.#######....
..... ............. .
.#... ##.#......... ..
.... #....####....
...##.#.####....# #....
..........##.##.## #....
.......##.....#..###....
.......#....#.......#...
.)...oo@.####.......##..
......§)## ##......# ##
.......## ########
....... >...... #######


You could see an orc wizard and an orc.

Vanquished Creatures
  An orc wizard (D:3)
  A worker ant (D:2)
  An adder (D:3)
  A worm (D:2)
  A dart slug (D:3)
  A leopard gecko (D:1)
  2 orcs (D:3)
  2 giant cockroaches
  A goblin (D:2)
  5 hobgoblins
  5 jackals
  A ball python (D:1)
  2 bats
  5 kobolds
  3 rats
32 creatures vanquished.

Notes
Turn   | Place    | Note
-------+----------+-------------------------------------------
     0 | D:1      | Hercules1031 the Skeleton Reaver began the quest for the
                  | Orb.
     0 | D:1      | Reached XP level 1. HP: 14/14 MP: 4/4
   511 | D:1      | Reached XP level 2. HP: 15/19 MP: 6/6
  1217 | D:2      | Reached skill level 4 in Axes
  1217 | D:2      | Reached skill level 1 in Armour
  1217 | D:2      | Reached XP level 3. HP: 16/23 MP: 5/8
  1525 | D:2      | Found a snail-covered altar of Cheibriados.
  1529 | D:2      | Found a shimmering altar of Xom.
  1534 | D:2      | Reached * piety under Vehumet
  1534 | D:2      | Offered knowledge of Magic Dart by Vehumet.
  1538 | D:2      | Learned a level 1 spell: Magic Dart
  1965 | D:3      | Reached XP level 4. HP: 10/28 MP: 3/9
  1965 | D:3      | Reached skill level 1 in Conjurations
  1970 | D:3      | Slain by an orc

Skill      XL: |  1  2  3  4 |
---------------+-------------+-----
Axes           | 4 |  4.2
Armour         | 1 |  1.6
Conjurations   | 1 |  1.2
Fighting       | |  3.5
Dodging        | |  3.5
Spellcasting   | |  3.9

Action                   |  1- 3 |  4- 6 || total
-------------------------+-------+-------++-------
Melee: War axe           |   111 |     4 ||   115
Armor: Steam dragon scal |    46 |       ||    46
Dodge: Dodged            |   108 |     2 ||   110
